[ AOE2 MATCH · #505688533 ]
UnrankedPortuguese vs Romans
Player's team · LOSS
Rival team · WIN
[ REPLAY ANALYSIS · EXTRACTED FROM THE RECORDED GAME ]
Feudal
9:14
Castle
—
Imperial
—
| APM avg | 76.8 |
| APM peak | 107 |
| eAPM avg | 30.6 |
| Villagers / military | 46 / 16 |
Focus
⚔️ 25.8% · 🌾 74.2%
Archer ×16
Feudal
10:30
Castle
—
Imperial
—
| APM avg | 70.9 |
| APM peak | 114 |
| eAPM avg | 39.2 |
| Villagers / military | 52 / 25 |
Focus
⚔️ 57.0% · 🌾 43.0%
Archer ×10 · Militia ×9 · Skirmisher ×5 · Spearman ×1
Match map
Initial resources + every placement click. Lines = walls · curves = elevation contours. ◆ gold · ⬟ stone · ● berries · ✦ relic · ◌ wall gap
Your base· Open — unwalled flank
zaanosaurus's base· Open — unwalled flank
Smoothed initial terrain · ◌ = detected wall gap · hover for details
Inputs per minute
— txodro - - zaanosaurus
Build order — txodro
119 actions detected in the replay
| 0:00 | Queue | Villager (Male) |
| 0:00 | Queue | Villager (Male) |
| 0:01 | Queue | Villager (Male) |
| 0:02 | Build | House |
| 0:03 | Build | House |
| 0:08 | Queue | Villager (Male) |
| 1:22 | Queue | Villager (Male) |
| 1:41 | Queue | Villager (Male) |
| 1:57 | Build | Lumber Camp |
| 2:11 | Queue | Villager (Male) |
| 2:12 | Queue | Villager (Male) |
| 2:44 | Queue | Villager (Male) |
| 3:05 | Queue | Villager (Male) |
| 3:05 | Queue | Villager (Male) |
| 3:13 | Queue | Villager (Male) |
| 3:26 | Build | House |
| 3:32 | Build | House |
| 3:41 | Queue | Villager (Male) |
| 4:31 | Queue | Villager (Male) |
| 4:31 | Queue | Villager (Male) |
| 5:01 | Queue | Villager (Male) |
| 5:03 | Queue | Villager (Male) |
| 5:16 | Queue | Villager (Male) |
| 5:17 | Queue | Villager (Male) |
| 5:23 | Queue | Villager (Male) |
| 6:03 | Build | Mill |
| 6:14 | Research | Loom |
| 7:04 | Research | Feudal Age |
| 7:05 | Research | Feudal Age |
| 7:10 | Build | Palisade Wall |
| 7:12 | Build | Palisade Wall |
| 7:20 | Build | Palisade Wall |
| 7:21 | Build | Palisade Wall |
| 7:28 | Build | Palisade Wall |
| 7:30 | Build | Palisade Wall |
| 7:31 | Build | Palisade Wall |
| 7:50 | Build | Barracks |
| 8:07 | Build | Mining Camp |
| 8:09 | Build | Palisade Wall |
| 8:10 | Build | Palisade Wall |
| 8:25 | Build | Palisade Wall |
| 8:27 | Build | Palisade Wall |
| 8:42 | Queue | Villager (Male) |
| 9:05 | Queue | Villager (Male) |
| 9:14 | Age | Feudal Age |
| 9:20 | Build | Archery Range |
| 9:24 | Build | Archery Range |
| 9:26 | Research | Double-Bit Axe |
| 9:26 | Research | Double-Bit Axe |
| 9:37 | Queue | Villager (Male) |
| 10:01 | Build | House |
| 10:04 | Queue | Archer |
| 10:05 | Queue | Archer |
| 10:05 | Queue | Archer |
| 10:06 | Queue | Villager (Male) |
| 10:21 | Queue | Villager (Male) |
| 10:31 | Build | Blacksmith |
| 10:33 | Queue | Villager (Male) |
| 10:34 | Queue | Archer |
| 10:35 | Queue | Villager (Male) |
| 10:36 | Queue | Villager (Male) |
| 10:54 | Queue | Archer |
| 11:19 | Queue | Villager (Male) |
| 11:26 | Research | Fletching |
| 11:29 | Build | Farm |
| 11:30 | Build | Farm |
| 11:40 | Build | House |
| 11:42 | Build | Farm |
| 11:43 | Build | Farm |
| 11:44 | Queue | Villager (Male) |
| 11:49 | Queue | Archer |
| 11:55 | Build | House |
| 11:57 | Queue | Villager (Male) |
| 12:17 | Build | House |
| 12:19 | Build | Palisade Wall |
| 12:21 | Build | Palisade Wall |
| 12:24 | Queue | Archer |
| 12:27 | Build | Palisade Wall |
| 12:28 | Build | Palisade Wall |
| 12:35 | Build | Palisade Wall |
| 12:49 | Build | Farm |
| 12:50 | Queue | Archer |
| 12:54 | Queue | Villager (Male) |
| 12:55 | Queue | Villager (Male) |
| 12:55 | Queue | Villager (Male) |
| 12:58 | Build | Farm |
| 13:08 | Queue | Villager (Male) |
| 13:20 | Queue | Archer |
| 13:21 | Queue | Villager (Male) |
| 13:25 | Build | Farm |
| 13:40 | Build | House |
| 13:41 | Build | House |
| 13:44 | Queue | Villager (Male) |
| 13:57 | Queue | Archer |
| 14:00 | Build | Farm |
| 14:23 | Queue | Archer |
| 14:23 | Queue | Archer |
| 14:26 | Build | Farm |
| 14:27 | Queue | Villager (Male) |
| 14:30 | Build | Farm |
| 14:39 | Research | Padded Archer Armor |
| 14:40 | Queue | Villager (Male) |
| 14:46 | Queue | Villager (Male) |
| 14:46 | Queue | Villager (Male) |
| 14:51 | Build | Farm |
| 15:04 | Build | Palisade Wall |
| 15:10 | Queue | Archer |
| 15:22 | Build | Palisade Wall |
| 15:26 | Build | House |
| 15:31 | Build | House |
| 15:50 | Queue | Archer |
| 15:50 | Queue | Archer |
| 16:00 | Queue | Villager (Male) |
| 16:00 | Queue | Villager (Male) |
| 16:00 | Queue | Villager (Male) |
| 16:15 | Queue | Villager (Male) |
| 16:16 | Queue | Archer |
| 16:43 | Build | Archery Range |
| 18:09 | Queue | Villager (Male) |
Build order — zaanosaurus
138 actions detected in the replay
| 0:00 | Queue | Villager (Male) |
| 0:00 | Queue | Villager (Male) |
| 0:02 | Build | House |
| 0:03 | Build | House |
| 0:18 | Queue | Villager (Male) |
| 0:18 | Queue | Villager (Male) |
| 1:22 | Queue | Villager (Male) |
| 1:47 | Build | Lumber Camp |
| 1:48 | Queue | Villager (Male) |
| 1:48 | Queue | Villager (Male) |
| 2:16 | Queue | Villager (Male) |
| 2:49 | Queue | Villager (Male) |
| 2:49 | Queue | Villager (Male) |
| 3:30 | Build | House |
| 3:37 | Build | House |
| 3:45 | Queue | Villager (Male) |
| 3:45 | Queue | Villager (Male) |
| 4:07 | Build | House |
| 4:23 | Queue | Villager (Male) |
| 4:23 | Queue | Villager (Male) |
| 4:38 | Build | Barracks |
| 5:08 | Queue | Villager (Male) |
| 5:16 | Build | House |
| 5:22 | Queue | Villager (Male) |
| 5:23 | Queue | Villager (Male) |
| 5:29 | Queue | Militia |
| 5:29 | Queue | Militia |
| 5:54 | Queue | Militia |
| 6:09 | Build | Mill |
| 6:10 | Queue | Villager (Male) |
| 6:37 | Queue | Villager (Male) |
| 6:37 | Queue | Villager (Male) |
| 6:37 | Queue | Villager (Male) |
| 7:21 | Build | House |
| 7:28 | Queue | Villager (Male) |
| 7:42 | Build | Mining Camp |
| 7:51 | Research | Loom |
| 8:13 | Research | Feudal Age |
| 8:13 | Research | Feudal Age |
| 8:41 | Queue | Militia |
| 8:41 | Queue | Militia |
| 8:47 | Build | Lumber Camp |
| 8:51 | Build | House |
| 8:52 | Build | Palisade Wall |
| 9:08 | Queue | Militia |
| 9:32 | Build | Palisade Wall |
| 10:17 | Queue | Villager (Male) |
| 10:24 | Build | Palisade Wall |
| 10:25 | Build | Palisade Wall |
| 10:30 | Age | Feudal Age |
| 10:33 | Research | Man-at-Arms (upgrade) |
| 10:34 | Research | Double-Bit Axe |
| 10:35 | Queue | Villager (Male) |
| 10:38 | Build | Archery Range |
| 10:48 | Build | Palisade Wall |
| 10:57 | Queue | Villager (Male) |
| 11:01 | Queue | Spearman |
| 11:02 | Queue | Villager (Male) |
| 11:06 | Build | House |
| 11:07 | Build | Palisade Wall |
| 11:16 | Queue | Villager (Male) |
| 11:26 | Build | Farm |
| 11:27 | Build | Farm |
| 11:33 | Queue | Skirmisher |
| 11:34 | Queue | Skirmisher |
| 11:35 | Queue | Villager (Male) |
| 11:42 | Queue | Villager (Male) |
| 11:51 | Queue | Skirmisher |
| 12:14 | Queue | Skirmisher |
| 12:15 | Queue | Villager (Male) |
| 12:26 | Build | Blacksmith |
| 12:35 | Queue | Skirmisher |
| 12:35 | Queue | Villager (Male) |
| 12:41 | Build | House |
| 12:45 | Build | Farm |
| 12:53 | Build | Farm |
| 12:56 | Queue | Archer |
| 12:59 | Queue | Villager (Male) |
| 13:10 | Build | House |
| 13:23 | Research | Padded Archer Armor |
| 13:23 | Research | Padded Archer Armor |
| 13:30 | Build | Farm |
| 13:30 | Build | Farm |
| 13:36 | Queue | Villager (Male) |
| 13:36 | Queue | Villager (Male) |
| 13:38 | Build | Farm |
| 13:48 | Queue | Archer |
| 13:51 | Build | Palisade Wall |
| 14:08 | Queue | Villager (Male) |
| 14:08 | Queue | Villager (Male) |
| 14:11 | Build | Farm |
| 14:12 | Build | Farm |
| 14:25 | Queue | Archer |
| 14:28 | Queue | Archer |
| 14:28 | Queue | Archer |
| 14:36 | Queue | Villager (Male) |
| 14:36 | Queue | Villager (Male) |
| 14:36 | Queue | Villager (Male) |
| 14:38 | Build | House |
| 14:38 | Build | Palisade Wall |
| 14:45 | Build | House |
| 14:51 | Build | Palisade Wall |
| 15:04 | Research | Fletching |
| 15:05 | Research | Fletching |
| 15:12 | Queue | Villager (Male) |
| 15:14 | Build | Farm |
| 15:23 | Build | Farm |
| 15:52 | Queue | Villager (Male) |
| 15:54 | Research | Scale Mail Armor |
| 15:54 | Research | Scale Mail Armor |
| 15:55 | Queue | Villager (Male) |
| 15:58 | Build | Farm |
| 15:59 | Build | Farm |
| 16:02 | Queue | Archer |
| 16:02 | Queue | Archer |
| 16:09 | Queue | Villager (Male) |
| 16:41 | Queue | Villager (Male) |
| 16:45 | Queue | Archer |
| 16:58 | Queue | Militia |
| 16:59 | Queue | Militia |
| 17:14 | Queue | Villager (Male) |
| 17:17 | Queue | Villager (Male) |
| 17:17 | Queue | Archer |
| 17:22 | Queue | Militia |
| 17:29 | Queue | Villager (Male) |
| 17:31 | Build | Farm |
| 17:32 | Build | Farm |
| 17:34 | Research | Horse Collar |
| 17:34 | Research | Horse Collar |
| 17:37 | Research | Wheelbarrow |
| 18:09 | Queue | Archer |
| 18:13 | Queue | Villager (Male) |
| 18:13 | Queue | Villager (Male) |
| 18:16 | Build | Farm |
| 18:19 | Build | Mining Camp |
| 18:20 | Queue | Villager (Male) |
| 18:20 | Queue | Villager (Male) |
| 18:20 | Queue | Villager (Male) |
Match timeline
| 4:38 | zaanosaurus · first_building Barracks |
| 7:10 | txodro · wall_segment Palisade Wall x1 |
| 7:12 | txodro · wall_segment Palisade Wall x1 |
| 7:20 | txodro · wall_segment Palisade Wall x1 |
| 7:21 | txodro · wall_segment Palisade Wall x1 |
| 7:28 | txodro · wall_segment Palisade Wall x1 |
| 7:30 | txodro · wall_segment Palisade Wall x1 |
| 7:31 | txodro · wall_segment Palisade Wall x1 |
| 7:50 | txodro · first_building Barracks |
| 8:09 | txodro · wall_segment Palisade Wall x1 |
| 8:10 | txodro · wall_segment Palisade Wall x1 |
| 8:25 | txodro · wall_segment Palisade Wall x1 |
| 8:27 | txodro · wall_segment Palisade Wall x1 |
| 8:52 | zaanosaurus · wall_segment Palisade Wall x12 |
| 9:14 | txodro · age_up feudal |
| 9:20 | txodro · first_building Archery Range |
| 9:32 | zaanosaurus · wall_segment Palisade Wall x16 |
| 10:24 | zaanosaurus · wall_segment Palisade Wall x1 |
| 10:25 | zaanosaurus · wall_segment Palisade Wall x1 |
| 10:30 | zaanosaurus · age_up feudal |
| 10:38 | zaanosaurus · first_building Archery Range |
| 10:48 | zaanosaurus · wall_segment Palisade Wall x1 |
| 11:07 | zaanosaurus · wall_segment Palisade Wall x6 |
| 12:19 | txodro · wall_segment Palisade Wall x1 |
| 12:21 | txodro · wall_segment Palisade Wall x4 |
| 12:27 | txodro · wall_segment Palisade Wall x1 |
| 12:28 | txodro · wall_segment Palisade Wall x1 |
| 12:35 | txodro · wall_segment Palisade Wall x1 |
| 13:51 | zaanosaurus · wall_segment Palisade Wall x5 |
| 14:38 | zaanosaurus · wall_segment Palisade Wall x1 |
| 14:51 | zaanosaurus · wall_segment Palisade Wall x10 |
| 15:04 | txodro · wall_segment Palisade Wall x9 |
| 15:22 | txodro · wall_segment Palisade Wall x1 |
| 18:34 | txodro · resign |
[ AI ANALYSIS · 1 CREDIT ]
What really happened in this match?
Wolo.gg analyzes every decision: build order, eco, micro, common mistakes by bracket. Personalized analysis on WhatsApp or Discord in 30 seconds.
Civ guide
Portuguese
Perfil
Jugador #991259